 Dungeon Crawl Stone Soup version 0.23-a0-831-g5da158a (webtiles) character file.

25 Coldstonesans the Skirmisher (level 3, 0/29 HPs)
             Began as a Human Fighter on Jan 23, 2019.
             Slain by a gnoll
             ... wielding a +0 spear
              (3 damage)
             ... on level 2 of the Dungeon.
             The game lasted 00:01:20 (916 turns).

Coldstonesans the Skirmisher (Human Fighter)         Turns: 916, Time: 00:01:21

Health: 0/29       AC:  6    Str: 17    XL:     3   Next: 17%
Magic:  3/3        EV:  7    Int:  8    God:
Gold:   86         SH:  9    Dex: 12    Spells: 2/2 levels left

rFire    . . .     SeeInvis .   a - +0 long sword
rCold    . . .     Gourm    .   c - +0 shield
rNeg     . . .     Faith    .   b - +0 scale mail
rPois    .         Spirit   .   (no helmet)
rElec    .         Reflect  .   (no cloak)
rCorr    .         Harm     .   (no gloves)
MR       .....                  (no boots)
Stlth    ..........             (no amulet)
HPRegen  0.09/turn              (no ring)
MPRegen  0.08/turn              (no ring)

@: berserk cooldown, slowed, very slow
A: fangs 1, wild magic 1
a: no special abilities


You were on level 2 of the Dungeon.
You were not hungry.

You visited 1 branch of the dungeon, and saw 2 of its levels.

You collected 86 gold pieces.

Inventory:

Hand Weapons
 a - a +0 long sword (weapon)
Armour
 b - a +0 scale mail (worn)
 c - a +0 shield (worn)
 l - a cursed +0 chain mail
Scrolls
 d - a scroll of amnesia {unknown}
 e - a scroll of remove curse {unknown}
 i - 2 scrolls of identify {unknown}
 j - a scroll of enchant weapon {unknown}
 k - a scroll of blinking {unknown}
Potions
 g - a potion of curing
Comestibles
 f - a ration


   Skills:
 * Level 3.4 Fighting
 * Level 2.4 Long Blades
 + Level 3.1 Armour
 + Level 3.2 Shields


You had 2 spell levels left.
You didn't know any spells.
Your spell library was empty.

Dungeon Overview and Level Annotations

Branches:
Dungeon (2/15)

Altars:


Innate Abilities, Weirdness & Mutations

You have very sharp teeth.
Your spells are a little harder to cast, but a little more powerful.


Message History

The bat hits you but does no damage.
The gnoll hits you from afar with a +0 spear.
* * * LOW HITPOINT WARNING * * *
You rip the net and break free!
The bat hits you but does no damage. You block the hobgoblin's attack.
The gnoll hits you from afar with a cursed -3 spear.
* * * LOW HITPOINT WARNING * * *
The giant cockroach barely misses you.
You feel your anger nearly subside. The bat closely misses you.
You riposte.
Your shield prevents you from hitting the bat.
You bite the bat.
You kill the bat!
The hobgoblin hits you but does no damage.
You are no longer berserk.
You are exhausted.
You feel yourself slow down.
There is a stone staircase leading up here.
The gnoll hits you from afar with a +0 spear.
You die...

##.......$..
...........
#..[.......
#.........#
#.........#
#.........#
#.g.g.....#
######ggs#####
........@##
........##
.......##
###.##. #. ..
. ### .


You could see 3 gnolls, a giant cockroach and a hobgoblin.

Vanquished Creatures
  2 dart slugs (D:1)
  6 bats
  A goblin (D:1)
  2 hobgoblins (D:1)
  4 jackals (D:1)
  A kobold (D:1)
  4 rats
20 creatures vanquished.

Notes
Turn   | Place    | Note
-------+----------+-------------------------------------------
     0 | D:1      | Coldstonesans the Human Fighter began the quest for the
                  | Orb.
     0 | D:1      | Reached XP level 1. HP: 18/18 MP: 1/1
   122 | D:1      | Reached XP level 2. HP: 21/24 MP: 2/2
   697 | D:1      | Reached XP level 3. HP: 29/29 MP: 3/3
   910 | D:2      | Gained mutation: Your spells are a little harder to cast,
                  | but a little more powerful. [potion of mutation]
   910 | D:2      | Gained mutation: You have very sharp teeth. [potion of
                  | mutation]
   916 | D:2      | Slain by a gnoll

Vault maps used:
D:1:      minmay_arrival_split_and_join, serial_bayou_pond_e, chequers_jeans,
          hangedman_decor_push
D:2:      chequers_ecumenical_altar_lobes, makhleb_blood_cavern_becter,
          uniq_sigmund, uniq_crazy_yiuf_cottage, uniq_natasha, uniq_terence

Action                   || total
-------------------------++-------
Melee: Long sword        ||    64
       Bite              ||     1
  Use: Potion            ||     4
Armor: Scale mail        ||    66
Dodge: Dodged            ||    28
Block: Shield            ||    48
       Rpst.: Long sword ||    12

Table legend:
 A = Non-vault XP
 B = Vault XP
 C = Vault XP percentage of total XP
 D = Non-vault monster count
 E = Vault monster count
 F = Vault count percentage of total count
                 A         B        C        D         E       F
            +---------+---------+-------+---------+---------+-------
      Total |      36 |       0 |   0.0 |      20 |       0 |   0.0
            +---------+---------+-------+---------+---------+-------
        D:1 |      34 |       0 |   0.0 |      18 |       0 |   0.0
        D:2 |       2 |       0 |   0.0 |       2 |       0 |   0.0
            +---------+---------+-------+---------+---------+-------
